Map: Lightshade LE

Players

Neeb - Winner!

  • Race: Protoss Protoss
  • Spawn Location: 5:00

Epic

  • Race: Terran Terran
  • League: Grandmaster
  • Spawn Location: 11:00

Event: DreamHack SC2 Masters 2020 Winter

VOD

Have the link to the VOD?

Description

Time

  • Played on: Nov. 1, 2020, 3:46 p.m.
  • Length: 8:08

All games in this series

Show
View Real Time Build Order
Export as new Build Order

Neeb Protoss - Winner!

Build Orders: 1 Gate Expand, Oracle Opening 

Get SALT Encoding   

  12  0:00  Probe  
  13  0:12  Probe  
  14  0:17  Pylon  
  14  0:24  Probe (Chrono Boost)  
  15  0:36  Probe (Chrono Boost)  
  15  0:37  Gateway  
  16  0:44  Probe (Chrono Boost)  
  16  0:46  Assimilator  
  17  0:51  Probe  
  18  1:03  Probe  
  19  1:15  Probe  
  20  1:25  Cybernetics Core  
  21  1:34  Nexus  
  21  1:38  Probe  
  21  1:44  Pylon  
  21  1:48  Assimilator  
  21  2:00  Adept (Chrono Boost)  
  21  2:03  Shield Battery  
  21  2:05  Probe  
  24  2:17  Probe  
  24  2:20  Adept (Chrono Boost)  
  27  2:29  Probe  
  28  2:34  Stargate  
  28  2:41  Warp Gate, Probe  
  29  2:46  Adept  
  29  2:49  Probe  
  32  2:53  Probe  
  33  2:59  Pylon  
  33  3:01  Probe  
  35  3:05  Probe  
  35  3:14  Probe, Oracle (Chrono Boost)  
  35  3:17  Probe  
  40  3:22  Shield Battery  
  40  3:26  Probe  
  41  3:29  Probe  
  41  3:31  Adept  
  44  3:38  Probe  
  45  3:42  Pylon, Probe  
  44  3:49  Oracle  
  44  3:50  Probe  
  44  3:54  Probe  
  47  4:04  Probe (Chrono Boost)  
  47  4:06  Probe (Chrono Boost)  
  47  4:07  Gateway  
  48  4:10  Gateway  
  49  4:17  Pylon  
  49  4:20  Probe x2 (Chrono Boost)  
  49  4:21  Void Ray (Chrono Boost)  
  50  4:27  Probe  
  55  4:34  Probe  
  56  4:39  Probe  
  57  4:46  Nexus  
  57  4:50  Probe  
  58  4:55  Probe, Void Ray (Chrono Boost)  
  59  5:03  Probe  
  59  5:06  Pylon  
  64  5:07  Probe  
  65  5:15  Probe  
  65  5:19  Probe  
  63  5:27  Assimilator, Probe  
  64  5:28  Assimilator  
  64  5:31  Probe  
  65  5:39  Probe  
  65  5:40  Forge  
  65  5:41  Twilight Council  
  65  5:42  Sentry x2  
  70  5:43  Probe  
  71  5:52  Probe (Chrono Boost)  
  71  5:56  Probe (Chrono Boost)  
  67  5:59  Probe (Chrono Boost)  
  69  6:04  Pylon, Probe (Chrono Boost)  
  69  6:08  Stalker x2, Probe (Chrono Boost), Sentry  
  69  6:10  Probe (Chrono Boost)  
  77  6:11  Probe (Chrono Boost)  
  77  6:13  Probe (Chrono Boost)  
  77  6:14  Probe (Chrono Boost)  
  77  6:15  Assimilator  
  77  6:17  Assimilator, Pylon, Probe  
  80  6:22  Probe  
  79  6:25  Probe  
  79  6:29  Probe  
  71  6:35  Probe (Chrono Boost)  
  71  6:39  Photon Cannon  
  70  6:40  Probe (Chrono Boost)  
  70  6:42  Probe (Chrono Boost)  
  70  6:45  Stalker  
  70  6:46  Stalker  
  76  6:49  Stalker  
  76  6:52  Probe (Chrono Boost)  
  76  6:54  Probe (Chrono Boost)  
  79  6:55  Photon Cannon  
  79  6:57  Probe x2 (Chrono Boost)  
  79  7:02  Probe  
  79  7:08  Probe  
  79  7:09  Stalker x2  
  79  7:13  Probe  
  84  7:16  Probe  
  85  7:26  Probe  
  85  7:27  Probe  
  87  7:34  Stalker x3  
  93  7:39  Pylon, Probe  
  93  7:41  Probe x2  
  96  7:49  Robotics Facility  
  96  7:54  Probe  
  97  8:07  Stalker x2  
Show
View Real Time Build Order
Export as new Build Order

Epic Terran 

Build Orders:  

Get SALT Encoding   

  12  0:00  SCV  
  13  0:12  SCV  
  14  0:17  Supply Depot  
  14  0:24  SCV  
  14  0:27  Refinery  
  15  0:38  SCV  
  16  0:44  Barracks  
  16  0:50  SCV  
  17  1:03  SCV  
  18  1:08  Engineering Bay  
  18  1:15  SCV  
  19  1:31  Marine, Orbital Command  
  20  1:36  Factory  
  20  1:45  Supply Depot  
  20  1:50  Barracks Reactor  
  20  1:57  SCV  
  21  2:09  SCV  
  22  2:20  Command Center  
  22  2:22  SCV  
  25  2:30  Hellion  
  25  2:33  Hellion  
  27  2:38  Supply Depot  
  27  2:40  SCV  
  29  2:51  Hellion  
  29  2:54  Hellion  
  31  2:59  SCV  
  31  3:01  Refinery  
  32  3:06  Starport  
  32  3:11  Supply Depot, SCV  
  33  3:20  Widow Mine  
  33  3:21  Widow Mine  
  33  3:23  SCV  
  38  3:30  Armory  
  38  3:36  SCV, Marine  
  40  3:42  Widow Mine x2  
  40  3:48  SCV  
  43  3:52  Medivac  
  43  3:54  Orbital Command  
  41  4:00  SCV  
  40  4:04  Widow Mine x2  
  44  4:13  SCV  
  45  4:21  SCV  
  46  4:25  SCV  
  46  4:30  Viking  
  46  4:31  Marine  
  49  4:35  Widow Mine x2  
  49  4:37  SCV  
  52  4:38  Supply Depot  
  52  4:41  SCV  
  53  4:49  Marine, SCV  
  53  4:58  Widow Mine  
  53  4:59  Widow Mine  
  57  5:00  Medivac  
  57  5:01  SCV  
  57  5:06  SCV  
  57  5:13  SCV  
  58  5:20  SCV  
  50  5:23  Widow Mine x2  
  54  5:30  SCV  
  54  5:32  SCV  
  55  5:44  SCV  
  55  5:45  SCV  
  56  5:51  Command Center  
  56  5:57  SCV x2  
  56  6:00  Barracks Tech Lab  
  58  6:10  SCV x2  
  60  6:13  Barracks  
  60  6:21  Stimpack  
  61  6:25  SCV x2  
  61  6:28  Barracks  
  60  6:37  Factory Reactor  
  60  6:38  SCV x2  
  60  6:43  Supply Depot  
  60  6:45  Marauder, Engineering Bay  
  58  6:48  Engineering Bay  
  58  6:49  Refinery  
  58  6:50  SCV x2, Refinery  
  60  6:59  Bunker, Factory Tech Lab  
  60  7:03  SCV x2  
  60  7:04  Viking, Orbital Command  
  60  7:06  Marine, Bunker  
  60  7:07  Marauder, Marine  
  68  7:15  SCV x2  
  67  7:17  Marine  
  58  7:24  Marine  
  58  7:25  Marine  
  58  7:28  Marauder, SCV  
  46  7:32  Orbital Command  
  43  7:40  Marine  
  43  7:42  Marine  
Tags
 
Add a new tag
Caveats
  • Supply blocks, unpowered buildings, or Contaminate may cause inaccurate times.
  • Supply counts are checked every 10 seconds.